 Dungeon Crawl Stone Soup version 0.30-a0-691-g754fce4c43 (webtiles) character file.

Game seed: 2208215705885981412

68 IdlyInterested the Cudgeller (level 4, -4/33 HPs)
             Began as a Demonspawn Gladiator on Jan 19, 2023.
             Slain by a hobgoblin (5 damage)
             ... led by Robin
             ... on level 2 of the Dungeon.
             The game lasted 00:03:25 (1287 turns).

IdlyInterested the Cudgeller (Demonspawn Gladiator) Turns: 1287, Time: 00:03:25

Health: -4/33      AC:  5    Str: 16    XL:     4   Next: 1%
Magic:  4/4        EV: 13    Int: 10    God:
Gold:   24         SH:  0    Dex: 20    Spells: 3/3 levels left

rFire   . . .      SeeInvis .    a - +1 flail
rCold   . . .      Faith    .    (no shield)
rNeg    . . .      Spirit   .    b - +0 leather armour
rPois   .          Reflect  .    c - +0 helmet
rElec   .          Harm     .    (no cloak)
rCorr   .          Rampage  .    (no gloves)
Will    .....                    g - +0 pair of boots
Stlth   ++                       (no amulet)
HPRegen 0.25/turn                l - +6 ring of dexterity
MPRegen 0.09/turn                m - ring of flight

@: attractive, flying
A: spiny 2
a: no special abilities


You were on level 2 of the Dungeon.
You visited 1 branch of the dungeon, and saw 2 of its levels.

You collected 61 gold pieces.
You spent 37 gold pieces at shops.

Inventory:

Hand Weapons
 a - a +1 flail (weapon)
Missiles
 d - 3 throwing nets
 e - a javelin
 f - 2 boomerangs
 k - 12 stones (quivered)
 q - 5 poisoned darts
Armour
 b - a +0 leather armour (worn)
 c - a +0 helmet (worn)
 g - a +0 pair of boots (worn)
Jewellery
 l - a +6 ring of dexterity (left hand)
 m - a ring of flight (right hand)
Scrolls
 j - a scroll of teleportation {unknown}
Potions
 i - a potion of curing {unknown}
 n - a potion of flight {unknown}
 p - a potion of berserk rage {unknown}


   Skills:
 - Level 2.0 Fighting
 * Level 4.2 Maces & Flails
 - Level 1.7 Throwing
 - Level 1.0 Armour
 - Level 2.6 Dodging
 * Level 0.3 Stealth


You had 3 spell levels left.
You didn't know any spells.
Your spell library was empty.

Dungeon Overview and Level Annotations

Branches:
Dungeon (2/15)

Altars:

Shops:
D:1 (

Annotations:
D:2 Robin


Innate Abilities, Weirdness & Mutations

You are mostly covered in sharp spines.


Message History

The goblin hits you but does no damage.
You thump the goblin!
You kill the goblin!
The goblin misses you. The goblin is struck by your spines.
The goblin closely misses you. The goblin is struck by your spines.
You kill the goblin!
The goblin barely misses you. The goblin hits you with a +0 club.
You hit the goblin.
You kill the goblin!
The goblin barely misses you.
Robin hits you from afar with a +0 trident.
The goblin is struck by your spines. The goblin hits you with a +0 club.
You closely miss the goblin. The goblin is struck by your spines.
The goblin hits you with a +0 dagger. The goblin is struck by your spines.
The goblin closely misses you. Robin throws the goblin at you!
The goblin barely misses you.
You barely miss the goblin.
The goblin is heavily wounded.
The goblin is struck by your spines.
You kill the goblin!
The goblin hits you with a +0 club. Robin throws the goblin at you!
The goblin hits you with a +0 club.
* * * LOW HITPOINT WARNING * * *
The goblin barely misses you.
You thump the goblin!
You kill the goblin!
The goblin hits you but does no damage. The goblin is struck by your spines.
You kill the goblin!
Robin hits you from afar with a +0 trident.
* * * LOW HITPOINT WARNING * * *
The goblin is struck by your spines.
You kill the goblin!
You have reached level 4!
You feel clever.
Your demonic ancestry asserts itself...
Sharp spines emerge from more of your body.
It was a potion of attraction.
You feel attractive to monsters. The goblin hits you but does no damage.
Robin closely misses you. The hobgoblin is struck by your spines.
The hobgoblin hits you.
You die...

#..........#
##....#.#######..#
#..........# ##......##
#.## #.........##
#..#.......# #)#
#..#.....###
#.##....##... #.#
####..##.###.##....##...
.#.#.#
#.###..#......####....
#..<# #.
##....##.####..........#
#...###))....#.####....
##. #.)@g##### #....#
#.....g## ...###
...#..g.. ..## ..
##..... ... ....... .#..
#........ #.........
##.........


You could see Robin, a hobgoblin (strong) and a goblin (strong).

Vanquished Creatures
  An adder (D:2)
  A worm (D:2)
  A dart slug (D:1)
  5 ball pythons
  2 bats (D:2)
  3 endoplasms
  A giant cockroach (D:1)
  13 goblins
  9 hobgoblins
  2 kobolds (D:2)
  3 quokkas (D:1)
  3 rats
44 creatures vanquished.

Notes
Turn   | Place    | Note
-------+----------+-------------------------------------------
     0 | D:1      | IdlyInterested the Demonspawn Gladiator began the quest for
                  | the Orb.
     0 | D:1      | Reached XP level 1. HP: 16/16 MP: 1/1
    71 | D:1      | Reached skill level 3 in Maces & Flails
   150 | D:1      | Gained mutation: You are partially covered in sharp spines.
                  | [demonic ancestry]
   150 | D:1      | Reached XP level 2. HP: 20/22 MP: 2/2
   200 | D:1      | Found Usauqu's Weapon Shop.
   522 | D:1      | Reached XP level 3. HP: 27/27 MP: 3/3
   546 | D:1      | Found a faded altar of an unknown god.
   797 | D:1      | Bought 5 poisoned darts for 30 gold pieces
   797 | D:1      | Bought 7 stones for 7 gold pieces
  1130 | D:2      | Reached skill level 1 in Armour
  1170 | D:2      | Reached skill level 4 in Maces & Flails
  1277 | D:2      | Noticed Robin
  1286 | D:2      | HP: 1/27 [Robin/+0 trident (6)]
  1287 | D:2      | Gained mutation: You are mostly covered in sharp spines.
                  | [demonic ancestry]
  1287 | D:2      | Reached XP level 4. HP: 1/33 MP: 4/4
  1287 | D:2      | Slain by a hobgoblin

Illustrated notes

Levels and vault maps discovered:
D:1:      scummos_arrival_hexagon, layout_basic, basic_ecumenical_altar,
          serial_shops, shop, corner_web_ring, grunt_decor_resistance
D:2:      layout_rooms, uniq_crazy_yiuf_cottage, uniq_robin

Skill      XL: |  1  2  3 |
---------------+----------+-----
Maces & Flails | 3 4 |  4.2
Armour         | 1 |  1.0
Fighting       | |  2.0
Throwing       | |  1.7
Dodging        | |  2.6
Stealth        | |  0.3

Action                   |  1- 3 |  4- 6 || total
-------------------------+-------+-------++-------
Melee: Flail             |    75 |       ||    75
       Punch             |     1 |       ||     1
  Use: Scroll            |     4 |       ||     4
       Potion            |       |     1 ||     1
 Stab: Sleeping          |     1 |       ||     1
Armor: Leather armour    |    25 |     1 ||    26
Dodge: Dodged            |    50 |     1 ||    51

Table legend: (Time is in decaauts)
 A = Elapsed time spent in this place.
 B = Non-inter-level travel time spent in this place.
 C = Inter-level travel time spent in this place.
 D = Time resting spent in this place.
 E = Time spent auto-exploring this place.
 F = Levels seen in this place.
 G = Mean time per level.
                   A        B        C        D        E       F      G
               +--------+--------+--------+--------+--------+-----+--------+
         Total |   1302 |   1093 |    209 |     72 |    697 |   2 |  651.0 |
       Dungeon |   1302 |   1093 |    209 |     72 |    697 |   2 |  651.0 |
               +--------+--------+--------+--------+--------+-----+--------+

Top non-repeatable levels by time:
     D:1: 997 daAuts
     D:2: 305 daAuts
